 Dungeon Crawl Stone Soup version 0.15.2 (webtiles) character file.

3673 magipi the Basher (level 10, -2/102 HPs)
             Began as an Ogre Hunter on July 17, 2016.
             Was a Follower of the Shining One.
             Slain by Grum
             ... wielding a +1 glaive
              (11 damage)
             ... on Level 9 of the Dungeon.
             The game lasted 00:55:51 (11793 turns).

magipi the Basher (Ogre Hunter)                    Turns: 11793, Time: 00:55:51

HP  -2/102       AC  6     Str 19      XL: 10   Next: 13%
MP  30/30        EV 10     Int 10      God: the Shining One [*.....]
Gold 38          SH  0     Dex 18      Spells:  2 memorised,  7 levels left

rFire  . . .     SeeInvis .     b - +2 hammer (crush)
rCold  . . .     Clarity  .     c - +1 robe {MR+} (curse)
rNeg   . . .     rCorr    .     (shield restricted)
rPois  .         rRot     .     (helmet restricted)
rElec  .         Spirit   .     p - +1 cloak
SustAb .         Warding  .     (gloves unavailable)
rMut   .         Stasis   .     (boots unavailable)
Gourm  .                        (no amulet)
MR     ++...                    k - +5 ring of dexterity
                                x - ring of magical power

@: glowing, very resistant to hostile enchantments, very unstealthy
A: unfitting armour, tough skin 1
a: Renounce Religion


You were on level 9 of the Dungeon.
You worshipped the Shining One.
The Shining One was aware of your devotion.
You were not hungry.

You visited 2 branches of the dungeon, and saw 10 of its levels.

You collected 394 gold pieces.
You spent 356 gold pieces at shops.

Inventory:

Hand weapons
 a - a cursed +0 dire flail
 b - a +2 hammer of crushing (weapon)
Missiles
 d - 3 throwing nets
 w - 2 javelins
 D - 8 steel javelins
 F - a large rock (quivered)
Armour
 c - a cursed +1 robe of magic resistance (worn)
 p - a +1 cloak (worn)
Magical devices
 q - a wand of frost (3)
 A - a wand of teleportation (0)
 C - a wand of paralysis (1)
Comestibles
 f - 6 meat rations
 h - 5 beef jerkies
 l - a royal jelly
 m - 8 bread rations
Scrolls
 s - 2 scrolls of noise
 t - 3 scrolls of remove curse
 u - a scroll of blinking
 v - 2 scrolls of teleportation
 z - a scroll of identify
 G - a scroll of fear
Jewellery
 k - a +5 ring of dexterity (right hand)
 x - a ring of magical power (left hand)
Potions
 e - 2 potions of magic
 i - a potion of invisibility
 j - a potion of curing
 o - 3 potions of brilliance
 r - a potion of cure mutation
Books
 n - a book of the Warp

   Spells                             Type                      Level
   Control Teleport                   Charms/Translocation         4
   Phase Shift                        Translocation                5
   Warp Weapon                        Charms/Translocation         5
   Dispersal                          Translocation                6
   Controlled Blink                   Translocation                7
   Disjunction                        Translocation                8
 y - a book of Cantrips

   Spells                             Type                      Level
   Corona                             Hexes                        1
   *Animate Skeleton                  Necromancy                   1
   Summon Small Mammal                Summoning                    1
   *Apportation                       Translocation                1


   Skills:
 - Level 7.1 Fighting
 - Level 10.3 Maces & Flails
 - Level 5.1 Throwing
 - Level 1.7 Dodging
 - Level 0.7 Stealth
 - Level 1.4 Necromancy
 - Level 3.8 Translocations
 + Level 7.9 Evocations


You had 7 spell levels left.
You knew the following spells:

 Your Spells              Type           Power        Failure   Level  Hunger
a - Apportation           Tloc           #.........   10%         1    ##.....
E - Animate Skeleton      Necr           N/A          24%         1    ##.....


Dungeon Overview and Level Annotations

Branches:
Dungeon (9/15)             Temple (1/1) D:5
    Orc: D:9-12        Lair: D:8-11

Altars:
Ashenzari
Cheibriados
Dithmenos
Elyvilon
Fedhas
Makhleb
Nemelex Xobeh
Okawaru
Qazlal
Sif Muna
Trog
Vehumet
Xom
Yredelemnul
Zin
The Shining One

Shops:
D:4 !   D:6 *

Annotations:
D:7 yiuf, 1 exclusion
D:8 Erolcha
D:9 Grum


Innate Abilities, Weirdness & Mutations

You are too large for most types of armour.
You have tough skin (AC +1).

Vault maps used:
D:1:      ncdulo_smallfort
D:2:      lemuel_doored_altar
D:3:      first_bread, minmay_misc_feat_square, uniq_natasha
D:4:      serial_shops, kennysheep_mini
D:5:      minmay_temple_entry_mist
D:6:      old_standard_altar, minmay_holes, nicolae_elemental_shop, uniq_sigmund
D:7:      lemuel_crystal_altar, minitemple, grunt_ogre_cave,
          uniq_crazy_yiuf_cottage, uniq_menkaure
D:8:      lemuel_mausoleum_altar_kikubaaqudgha, kennysheep_generic_room_8,
          uniq_erolcha
D:9:      lemuel_castle_with_subvaults, basic_altar, grunt_ministairs_4,
          uniq_grum
Temple:   circular_temple_6


Message History

The phantom is lightly damaged.
You hit the phantom.
The phantom is moderately damaged.
The phantom hits you but does no damage.
You sock the phantom!
The phantom is severely damaged.
The phantom hits you!
The phantom blinks!
The phantom blinks!
The phantom blinks!
You hit the phantom.
The phantom is severely damaged.
The phantom hits you!
Unknown command.
You completely miss the phantom.
The phantom is severely damaged.
Grum lets out an intimidating howl.
Unknown command.
You barely miss the phantom.
The phantom is severely damaged.
The phantom barely misses you.
Unknown command.
You thump the phantom!
The phantom is almost destroyed.
The phantom hits you!
The phantom blinks!
Unknown command.
The phantom blinks!
Grum sniffs the air and quickly glances around.
You see here a giant frog corpse.
There is an open door here.
The phantom blinks!
There is a fountain of sparkling water here.
There is a stone staircase leading up here.
Grum hits you with a runed glaive!
You hit Grum.
Grum is lightly wounded.
You hit Grum.
Grum is moderately wounded.
Grum hits you with a runed glaive!
You hit Grum but do no damage.
Grum is moderately wounded.
Unknown command.
Drink which item? (? for menu, Esc to quit)
Okay, then.
Unknown command.
Unknown command.
Evoke which item? (* to show all) (? for menu, Esc to quit)
Okay, then.
Unknown command.
You hit Grum.
Grum is heavily wounded.
Grum hits you with a runed glaive!!
* * * LOW HITPOINT WARNING * * *
Unknown command.
You hit Grum but do no damage.
Grum is heavily wounded.
Unknown command.
You sock Grum!
Grum is severely wounded.
Grum closely misses you.
Unknown command.
Evoke which item? (* to show all) (? for menu, Esc to quit)
Zapping:
C - a wand of paralysis {zapped: 3}
Press: ? - help, Shift-Dir - straight line, f - wolf
Aim: a wolf (haloed)
The wolf struggles to resist.
The wolf bites you.
* * * LOW HITPOINT WARNING * * *
Grum hits you with a runed glaive!
* * * LOW HITPOINT WARNING * * *
The wolf bites you.
* * * LOW HITPOINT WARNING * * *
Drink which item? (? for menu, Esc to quit)
You feel better. The wolf bites you.
* * * LOW HITPOINT WARNING * * *
Unknown command.
Unknown command.
Drink which item? (? for menu, Esc to quit)
You feel better. The wolf barely misses you. Grum closely misses you.
The wolf bites you!
* * * LOW HITPOINT WARNING * * *
You sock Grum!
Grum is almost dead.
The wolf bites you! The Shining One protects you from harm! Grum misses you.
Unknown command.
You barely miss Grum.
Grum is almost dead.
The wolf bites you.
* * * LOW HITPOINT WARNING * * *
Drink which item? (? for menu, Esc to quit)
You feel better. The wolf bites you.
* * * LOW HITPOINT WARNING * * *
Grum barely misses you. The wolf closely misses you.
Unknown command.
You completely miss Grum.
Grum is almost dead.
The wolf bites you.
* * * LOW HITPOINT WARNING * * *
Grum hits you with a runed glaive!
You die...

####......(#
#.......#
#.......#
#.......#
##.......#
#.....⌠..#
#####%....#####
##.h.'##'##....##
#<@g..##.##..⌠.>#
##...##...##...##
######.⌠.######
#...# ##<## ###


You could see Grum and a wolf.

Table legend:
 A = Kills in this place as a percentage of kills in entire the game.
 B = Kills by you in this place as a percentage of kills by you in the entire game.
 C = Kills by friends in this place as a percentage of kills by friends in the entire game.
 D = Other kills in this place as a percentage of other kills in the entire game.
 E = Experience gained in this place as a percentage of experience gained in the entire game.
 F = Experience gained in this place divided by the number of levels of this place that you have seen.
                   A       B       C       D       E      F
               +-------+-------+-------+-------+-------+----------------------
         Total | 100.0 | 100.0 |  -nan |  -nan | 100.0 | 524.8
       Dungeon | 100.0 | 100.0 |  -nan |  -nan | 100.0 | 583.1
               +-------+-------+-------+-------+-------+----------------------

Vanquished Creatures
  A deep elf mage (D:6)
  A hungry ghost (D:8)
  Menkaure (D:7)
  3 wolves (D:9)
  A sky beast (D:5)
  An orc warrior (D:8)
  A phantom (D:7)
  A black bear (D:9)
  An ogre (D:7)
  An ice beast (D:8)
  2 centaurs (D:6)
  Sigmund (D:7)
  2 big kobolds
  4 giant frogs
  3 scorpions
  9 killer bees
  A troll zombie (D:8)
  4 crimson imps
  A quasit (D:7)
  3 jellies
  2 iguanas (D:8)
  A centaur skeleton (D:9)
  2 hounds
  3 orc wizards
  7 worker ants
  Natasha (thrice) (D:3)
  A two-headed ogre skeleton (D:9)
  An ogre zombie (D:5)
  2 mummies
  An ogre skeleton (D:5)
  4 gnolls (D:3)
  16 adders
  2 giant mites
  4 worms
  An iguana zombie (D:6)
  An adder zombie (D:6)
  2 giant geckos
  2 oozes
  23 orcs
  13 bats
  2 giant cockroaches
  9 hobgoblins
  5 quokkas
  2 ball pythons
  8 giant newts
  7 goblins
  A hobgoblin zombie (D:5)
  12 jackals
  34 kobolds
  13 rats
226 creatures vanquished.

Notes
Turn   | Place    | Note
--------------------------------------------------------------
     0 | D:1      | magipi, the Ogre Hunter, began the quest for the Orb.
     0 | D:1      | Reached XP level 1. HP: 22/22 MP: 1/1
    80 | D:1      | HP: 1/22 [ooze (5)]
   485 | D:1      | Reached XP level 2. HP: 26/29 MP: 2/2
   970 | D:2      | Reached XP level 3. HP: 27/36 MP: 3/3
  1028 | D:2      | Reached skill level 5 in Throwing
  1335 | D:2      | Reached XP level 4. HP: 34/44 MP: 4/4
  1755 | D:2      | Found a deep blue altar of Sif Muna.
  1916 | D:3      | Noticed Natasha
  2087 | D:4      | Reached skill level 5 in Maces & Flails
  2087 | D:4      | Reached XP level 5. HP: 15/50 MP: 5/5
  2547 | D:4      | Reached skill level 6 in Maces & Flails
  2779 | D:4      | Reached skill level 7 in Maces & Flails
  2779 | D:4      | Reached XP level 6. HP: 31/59 MP: 6/6
  3149 | D:3      | Killed Natasha
  3247 | D:3      | Reached skill level 8 in Maces & Flails
  3469 | D:3      | Learned a level 1 spell: Apportation
  3471 | D:3      | Learned a level 1 spell: Animate Skeleton
  3745 | D:3      | Noticed Natasha
  3754 | D:3      | Killed Natasha
  4304 | D:3      | Noticed Natasha
  4305 | D:3      | Killed Natasha
  4406 | D:4      | Found Fosainass' Distillery.
  4410 | D:4      | Bought a potion of heal wounds for 39 gold pieces
  4410 | D:4      | Bought a potion of might for 32 gold pieces
  4410 | D:4      | Bought a potion of haste for 91 gold pieces
  4438 | D:5      | Entered Level 5 of the Dungeon
  4710 | D:5      | Reached XP level 7. HP: 67/67 MP: 7/7
  4760 | D:5      | Found a staircase to the Ecumenical Temple.
  4786 | Temple   | Entered the Ecumenical Temple
  4826 | Temple   | Became a worshipper of the Shining One
  5050 | D:5      | Reached skill level 1 in Necromancy
  5050 | D:5      | Reached skill level 1 in Translocations
  6343 | D:6      | Found Emumn's Elemental Accessories.
  6368 | D:6      | Reached XP level 8. HP: 50/79 MP: 8/8
  6690 | D:6      | Reached skill level 9 in Maces & Flails
  6700 | D:6      | Reached skill level 5 in Fighting
  6729 | D:6      | Noticed a deep elf mage
  6754 | D:6      | Killed a deep elf mage
  6758 | D:6      | Found a glowing silver altar of Zin.
  7338 | D:7      | Noticed Sigmund
  7563 | D:7      | Found a bloodstained altar of Trog.
  7568 | D:7      | Found a burning altar of Makhleb.
  7569 | D:7      | Found a shadowy altar of Dithmenos.
  7569 | D:7      | Found a blossoming altar of Fedhas.
  7570 | D:7      | Found a snail-covered altar of Cheibriados.
  7571 | D:7      | Found a white marble altar of Elyvilon.
  7574 | D:7      | Found a stormy altar of Qazlal.
  8102 | D:8      | Noticed Erolcha
  8632 | D:8      | Reached skill level 10 in Maces & Flails
  8850 | D:8      | Reached XP level 9. HP: 76/93 MP: 9/9
  8986 | D:8      | Reached skill level 1 in Evocations
  9688 | D:4      | Bought a potion of curing for 26 gold pieces
  9688 | D:4      | Bought a potion of curing for 26 gold pieces
  9688 | D:4      | Bought a potion of agility for 32 gold pieces
  9688 | D:4      | Bought 2 potions of curing for 52 gold pieces
  9688 | D:4      | Bought a potion of degeneration for 26 gold pieces
  9688 | D:4      | Bought a potion of might for 32 gold pieces
  9753 | D:7      | Killed Sigmund
  9975 | D:7      | Acquired the Shining One's first power
 10056 | D:7      | Found a sparkling altar of Nemelex Xobeh.
 10286 | D:7      | Noticed Menkaure
 10291 | D:7      | Killed Menkaure
 10291 | D:7      | Reached skill level 5 in Evocations
 11369 | D:9      | Noticed Grum
 11380 | D:9      | Reached XP level 10. HP: 84/102 MP: 20/20
 11787 | D:9      | HP: 5/102 [wolf[Grum] (2)]
 11790 | D:9      | The Shining One protects you from harm!
 11791 | D:9      | HP: 1/102 [wolf[Grum] (6)]
 11793 | D:9      | Slain by Grum

Action                   |  1- 3 |  4- 6 |  7- 9 | 10-12 || total
-------------------------+-------+-------+-------+-------++-------
Melee: Club              |   139 |   231 |       |       ||   370
       Whip              |       |       |   352 |       ||   352
       Dire flail        |       |       |   111 |       ||   111
       Hammer            |       |       |    99 |    50 ||   149
Throw: Large rock        |     9 |    17 |    41 |     2 ||    69
       Javelin           |       |    12 |    15 |       ||    27
       Throwing net      |       |       |     4 |       ||     4
Evoke: Wand              |       |     5 |     4 |     3 ||    12
  Use: Scroll            |       |    14 |     6 |       ||    20
       Potion            |       |     4 |     6 |     3 ||    13
 Stab: Invisible         |       |       |     5 |       ||     5
       Sleeping          |       |       |     1 |       ||     1
  Eat: Chunk             |     2 |     8 |     3 |       ||    13
       Fruit             |       |     3 |     5 |     2 ||    10
       Royal jelly       |       |       |     1 |       ||     1
       Pizza             |       |       |     3 |       ||     3
       Beef jerky        |       |       |     5 |       ||     5

Action                   |  1- 3 |  4- 6 |  7- 9 | 10-12 || total
-------------------------+-------+-------+-------+-------++-------
Melee: Club              |   139 |   231 |       |       ||   370
       Whip              |       |       |   352 |       ||   352
       Dire flail        |       |       |   111 |       ||   111
       Hammer            |       |       |    99 |    50 ||   149
Throw: Large rock        |     9 |    17 |    41 |     2 ||    69
       Javelin           |       |    12 |    15 |       ||    27
       Throwing net      |       |       |     4 |       ||     4
Evoke: Wand              |       |     5 |     4 |     3 ||    12
  Use: Scroll            |       |    14 |     6 |       ||    20
       Potion            |       |     4 |     6 |     3 ||    13
 Stab: Invisible         |       |       |     5 |       ||     5
       Sleeping          |       |       |     1 |       ||     1
  Eat: Chunk             |     2 |     8 |     3 |       ||    13
       Fruit             |       |     3 |     5 |     2 ||    10
       Royal jelly       |       |       |     1 |       ||     1
       Pizza             |       |       |     3 |       ||     3
       Beef jerky        |       |       |     5 |       ||     5
